 Dungeon Crawl Stone Soup version 0.19.5 (webtiles) character file.

74 Jerry the Insei (level 4, -2/28 HPs)
             Began as an Octopode Transmuter on Apr 20, 2017.
             Slain by a goblin
             ... wielding a +0 club
             ... led by Robin
              (3 damage)
             ... on level 2 of the Dungeon.
             The game lasted 00:03:34 (1630 turns).

Jerry the Insei (Octopode Transmuter)               Turns: 1630, Time: 00:03:35

Health: -2/28      AC:  1    Str:  9    XL:     4   Next: 28%
Magic:  7/8        EV: 13    Int: 16    God:
Gold:   98         SH:  0    Dex: 12    Spells: 3 memorised, 2 levels left

rFire  . . .     SeeInvis .       - Unarmed
rCold  . . .     Gourm    .     (no shield)
rNeg   . . .     Faith    .     (helmet restricted)
rPois  .         Spirit   .     (no amulet)
rElec  .         Reflect  .     (no ring)
rCorr  .         Harm     .     (no ring)
MR     .....                    (no ring)
Stlth  +++.......               (no ring)
                                (no ring)
                                (no ring)
                                (no ring)
                                (no ring)

@: appendage
A: almost no armour, stealthy swim, amphibious, 8 rings, constrict 8, tentacle
spike 3, camouflage 1, gelatinous body 1
a: End Transformation


You were on level 2 of the Dungeon.
You were not hungry.
One of your tentacles had a temporary spike.
You visited 1 branch of the dungeon, and saw 2 of its levels.

You collected 98 gold pieces.

Inventory:

Missiles
 a - 12 arrows
Jewellery
 d - an uncursed ring of fire
Scrolls
 e - a scroll of blinking {unknown}
Books
 b - a book of Changes

   Spells                             Type                      Level
   a - Beastly Appendage              Transmutation                1
   b - Sticks to Snakes               Transmutation                2
   c - Spider Form                    Transmutation/Poison         3
   d - Ice Form                       Ice/Transmutation            4
   e - Blade Hands                    Transmutation                5
Comestibles
 c - a bread ration
 f - 5 fruits
 g - 5 chunks of flesh


   Skills:
 - Level 1.0 Fighting
 - Level 2.0 Dodging
 + Level 1.9 Stealth
 + Level 3.8 Unarmed Combat
 + Level 2.7 Spellcasting
 + Level 2.5 Transmutations


You had 2 spell levels left.
You knew the following spells:

 Your Spells              Type           Power        Failure   Level  Hunger
a - Beastly Appendage     Tmut           ##....       10%         1    #......
b - Sticks to Snakes      Tmut           ##......     12%         2    ##.....
c - Spider Form           Tmut/Pois      #.........   38%         3    ###....


Dungeon Overview and Level Annotations

Branches:
Dungeon (2/15)

Altars:


Innate Abilities, Weirdness & Mutations

You cannot wear most types of armour.
You are very stealthy in the water. (Stealth+)
You are amphibious.
You can wear up to eight rings at the same time.
You can use your tentacles to constrict eight enemies at once.
Your skin changes colour to match your surroundings (Stealth+).
Your rubbery body absorbs attacks. (AC +1, EV +1)
One of your tentacles bears a large vicious spike.


Message History

You constrict Robin. Robin throws the goblin at you!
The goblin hits you with a club!
You tentacle-slap Robin.
You pierce Robin, but do no damage.
Robin is heavily wounded.
You constrict Robin.
Robin hits you with a spear of piercing.
* * * LOW HITPOINT WARNING * * *
x2 The goblin completely misses you.
An adder comes into view.
You tentacle-slap Robin. You squeeze Robin.
Robin is almost dead.
You constrict Robin.
Robin points. "Kill!"
Robin hits you with a spear of piercing.
* * * LOW HITPOINT WARNING * * *
x2 The goblin barely misses you.
You tentacle-slap Robin.
You kill Robin!
The goblin hits you with a club.
You die...

#..# . #..# .## #..# ..# #..#
##+#.# #..# # #....# #..#
#.#####....# #..#
#.S@g......###..#
######..........#
#...<#....#.##.##
#.#..#....#..#.#
##############.#..#.#####.#.#
.............#.#..#.# #...#
.............#.####)# ##..#
.............#......######.>#
.)......................###'###


You could see an adder and a goblin.

Vanquished Creatures
  Robin (D:2)
  A gnoll (D:1)
  A worm (D:2)
  2 dart slugs (D:2)
  4 bats (D:1)
  A giant cockroach (D:2)
  8 goblins
  8 hobgoblins
  7 kobolds
  A ball python (D:1)
  2 frilled lizards (D:1)
  10 rats
46 creatures vanquished.

Notes
Turn   | Place    | Note
-------+----------+-------------------------------------------
     0 | D:1      | Jerry the Octopode Transmuter began the quest for the Orb.
     0 | D:1      | Reached XP level 1. HP: 13/13 MP: 3/3
    89 | D:1      | Reached XP level 2. HP: 3/18 MP: 3/5
   435 | D:1      | Reached XP level 3. HP: 14/23 MP: 4/6
   681 | D:1      | Reached skill level 1 in Stealth
  1472 | D:2      | Reached XP level 4. HP: 18/28 MP: 6/8
  1576 | D:2      | Learned a level 2 spell: Sticks to Snakes
  1580 | D:2      | Learned a level 3 spell: Spider Form
  1593 | D:2      | Noticed Robin
  1629 | D:2      | HP: 1/28 [Robin/spear of piercing (1)]
  1630 | D:2      | Killed Robin
  1630 | D:2      | Slain by a goblin

Skill      XL: |  1  2  3 |
---------------+----------+-----
Stealth        | 1 |  1.9
Fighting       | |  1.0
Dodging        | |  2.0
Unarmed Combat | |  3.8
Spellcasting   | |  2.7
Transmutations | |  2.5

Action                   |  1- 3 |  4- 6 || total
-------------------------+-------+-------++-------
Melee: Unarmed           |    80 |    13 ||    93
       Constrict         |    17 |     2 ||    19
       Tentacles         |    12 |     1 ||    13
       Kick              |     7 |     3 ||    10
       Punch             |     1 |       ||     1
 Cast: Beastly Appendage |     7 |     2 ||     9
 Stab: Sleeping          |     7 |       ||     7
  Eat: Chunk             |     2 |       ||     2
Armor: Skin              |     7 |       ||     7
Dodge: Dodged            |    56 |     5 ||    61
